 Dungeon Crawl Stone Soup version 0.30-a0-622-gddc90eaa04 (webtiles) character file.

Game seed: 11049097595195752094

372 Darkkill the Shooter (level 6, 0/53 HPs)
             Began as a Minotaur Hunter on Jan 10, 2023.
             Was an Initiate of Gozag.
             Slain by Prince Ribbit (13 damage)
             ... on level 5 of the Dungeon.
             The game lasted 00:03:21 (3937 turns).

Darkkill the Shooter (Minotaur Hunter)              Turns: 3937, Time: 00:03:22

Health: 0/53       AC:  4    Str: 15    XL:     6   Next: 43%
Magic:  5/5        EV: 13    Int:  6    God:    Gozag
Gold:   263        SH:  0    Dex: 16    Spells: 5/5 levels left

rFire   . . .      SeeInvis .    a - +1 shortbow (drain)
rCold   . . .      Faith    .    (shield currently unavailable)
rNeg    . . .      Spirit   .    c - +1 leather armour
rPois   .          Reflect  .    (helmet restricted)
rElec   .          Harm     .    (no cloak)
rCorr   .          Rampage  .    (no gloves)
Will    .....                    (no boots)
Stlth   ++                       (no amulet)
HPRegen 0.28/turn                (no ring)
MPRegen 0.09/turn                (no ring)

@: lethally poisoned (0 -> -1), gold aura
A: horns 2, retaliatory headbutt
a: Renounce Religion, Potion Petition, Call Merchant, Bribe Branch


You were on level 5 of the Dungeon.
You worshipped Gozag.
Gozag was aware of your devotion.
You visited 2 branches of the dungeon, and saw 6 of its levels.

You collected 342 gold pieces.
You paid 79 gold pieces to Gozag.

Inventory:

Hand Weapons
 a - a +1 shortbow of draining (weapon)
Missiles
 f - 36 stones
 m - 7 boomerangs
 o - 3 boomerangs of dispersal {=f !f}
 p - 2 datura-tipped darts
 s - 8 poisoned darts
Armour
 c - a +1 leather armour (worn)
Wands
 k - a wand of mindburst (16)
Scrolls
 b - 2 scrolls of immolation
 h - 3 scrolls of teleportation
 j - a scroll of silence
 q - a scroll of magic mapping
Potions
 d - a potion of flight {unknown}
 e - a potion of might
 g - 3 potions of heal wounds
 i - a potion of haste {unknown}
 l - 2 potions of curing {unknown}
 n - a potion of brilliance {unknown}


   Skills:
 + Level 4.6 Fighting
 + Level 5.7 Ranged Weapons
 + Level 4.2 Dodging
 + Level 3.0 Stealth


You had 5 spell levels left.
You didn't know any spells.
Your spell library contained the following spells:

 Spells                   Type           Power      Damage    Failure   Level
 Sting                    Tmut/Pois      0%         1d3       52%         1
 Poisonous Vapours        Pois/Air       0%         N/A       67%         2
 Olgreb's Toxic Radiance  Pois           0%         N/A       99%         4


Dungeon Overview and Level Annotations

Branches:
Dungeon (5/15)             Temple (1/1) D:4

Altars:
Ashenzari
Cheibriados
Dithmenos
Fedhas
Gozag
Kikubaaqudgha
Makhleb
Nemelex Xobeh
Okawaru
Ru
Sif Muna
Trog
Vehumet
Wu Jian
Xom
Yredelemnul
Zin
The Shining One

Annotations:
D:5 Prince Ribbit


Innate Abilities, Weirdness & Mutations

You have a pair of horns on your head.
You reflexively headbutt those who attack you in melee.


Message History

The arrow hits the orc but does no damage.
The orc hits you with a +0 club.
There are monsters nearby!
There are monsters nearby!
You shoot an arrow. The arrow hits the orc.
The orc is moderately wounded.
The orc misses you. The orc barely misses you.
You shoot an arrow. The arrow hits the orc.
The orc is severely wounded.
The orc barely misses you. You furiously retaliate!
You headbutt the orc!
You kill the orc!
The orc hits you with a +0 hand axe.
An orc is nearby!
You shoot an arrow. The arrow hits the orc.
You drain the orc.
The orc is severely wounded.
The orc barely misses you.
An orc is nearby!
You shoot an arrow. The arrow completely misses the orc.
The orc closely misses you. You furiously retaliate!
You headbutt the orc.
You kill the orc!
You now have 253 gold pieces (gained 7).
Things that are here:
a +0 club; a +0 leather armour You now have 263 gold pieces (gained 10).
Things that are here:
a +0 hand axe; a +0 hand axe; a +0 chain mail
Found an escape hatch in the ceiling.
No target in view!
You open the door.
There is an open door here.
There is an open door here.
There is an open door here.
You open the door.
There is an open door here.
You open the door.
There is an open door here.
There is an open door here.
There is an open door here.
There is an open door here.
There is a stone staircase leading up here.
There is an open door here.
There is a stone staircase leading up here.
A scorpion comes into view.
You shoot an arrow. The arrow barely misses the scorpion.
The scorpion misses you.
A scorpion is nearby!
You shoot an arrow. The arrow barely misses the scorpion.
You hear a croak.
The scorpion closely misses you. You furiously retaliate!
You headbutt the scorpion. The scorpion stings you.
You hear a shout! x3
A scorpion is nearby!
You shoot an arrow. The arrow hits the scorpion!
You drain the scorpion.
The scorpion is almost dead.
You hear a howl!
The scorpion stings you.
You are poisoned.
The scorpion poisons you!
A scorpion is nearby!
You shoot an arrow. The arrow hits the scorpion.
You kill the scorpion!
You feel very sick.
Prince Ribbit comes into view.
Your Stealth skill increases to level 3!
Fire: a) +1 shortbow (drain)
Press: ? - help, Q - select action, (/) - cycle Shift-Dir - straight line, f - Prince Ribbit
Aim: Prince Ribbit (46% to hit)
You shoot an arrow. The arrow hits Prince Ribbit!
Prince Ribbit is moderately wounded.
You feel sick. Prince Ribbit hits you!
Fire: a) +1 shortbow (drain)
Press: ? - help, Q - select action, (/) - cycle Shift-Dir - straight line, f/p - Prince Ribbit
Aim: Prince Ribbit (moderately wounded, 46% to hit)
You shoot an arrow. The arrow closely misses Prince Ribbit.
You feel sick. Prince Ribbit hits you!
A gnoll comes into view. It is wielding a +0 club.
Prince Ribbit misses you.
Fire: a) +1 shortbow (drain)
Press: ? - help, Q - select action, (/) - cycle Shift-Dir - straight line, f/p - Prince Ribbit
Aim: Prince Ribbit (lightly wounded, 46% to hit)
You shoot an arrow. The arrow misses Prince Ribbit.
You feel sick. Prince Ribbit barely misses you. You furiously retaliate!
You headbutt Prince Ribbit.
Fire: a) +1 shortbow (drain)
Press: ? - help, Q - select action, (/) - cycle Shift-Dir - straight line, f/p - Prince Ribbit
Aim: Prince Ribbit (moderately wounded, 46% to hit)
You shoot an arrow. The arrow hits Prince Ribbit!
Prince Ribbit is severely wounded.
You feel sick. Prince Ribbit closely misses you.
A jelly comes into view.
Prince Ribbit lets out a mournful croak.
Prince Ribbit closely misses you.
Fire: a) +1 shortbow (drain)
Press: ? - help, Q - select action, (/) - cycle Shift-Dir - straight line, f/p - Prince Ribbit
Aim: Prince Ribbit (severely wounded, 46% to hit)
You shoot an arrow. The arrow hits Prince Ribbit.
Prince Ribbit is almost dead.
You feel sick. Prince Ribbit hits you!
You die...
Your body crumbles into a pile of gold.

... #.. #.. #.. +.. $
#.J +##..##.F########
........g@......#
...............# #
#..###.####..##
+######.##..###.####..##
.......................#
.......................#
.......................#
...##...####.###..##..##
...##...####.###..##..##


You could see Prince Ribbit, a jelly and a gnoll.

Vanquished Creatures
  A scorpion (D:5)
  A hound (D:5)
  Jessica (D:3)
  Terence (D:3)
  An iguana (D:5)
  2 orc wizards
  3 adders
  A shadow imp (D:5)
  4 worms (D:2)
  3 dart slugs
  18 orcs
  14 ball pythons
  3 bats (D:1)
  6 endoplasms
  5 giant cockroaches
  2 goblins (D:1)
  5 hobgoblins
  4 jackals (D:2)
  2 quokkas (D:3)
  2 frilled lizards
  5 kobolds
  12 rats
96 creatures vanquished.

Notes
Turn   | Place    | Note
-------+----------+-------------------------------------------
     0 | D:1      | Darkkill the Minotaur Hunter began the quest for the Orb.
     0 | D:1      | Reached XP level 1. HP: 18/18 MP: 0/0
   125 | D:1      | Reached skill level 1 in Stealth
   488 | D:1      | Reached XP level 2. HP: 25/25 MP: 1/1
   776 | D:2      | HP: 3/25 [worm (9)]
  1006 | D:2      | Reached XP level 3. HP: 31/31 MP: 2/2
  1037 | D:2      | Found a faded altar of an unknown god.
  1535 | D:2      | Found a basalt altar of Yredelemnul.
  1568 | D:3      | Noticed Jessica
  1570 | D:3      | Killed Jessica
  1571 | D:3      | Reached skill level 5 in Ranged Weapons
  1571 | D:3      | Reached XP level 4. HP: 38/38 MP: 3/3
  1649 | D:3      | Found a broken altar of Ashenzari.
  1656 | D:3      | Found an iron altar of Okawaru.
  1715 | D:3      | Noticed Terence
  1727 | D:3      | Killed Terence
  2871 | D:4      | Reached XP level 5. HP: 46/46 MP: 4/4
  3268 | D:4      | Found a staircase to the Ecumenical Temple.
  3277 | Temple   | Entered the Ecumenical Temple
  3345 | Temple   | Became a worshipper of Gozag Ym Sagoz the Greedy
  3592 | D:5      | Entered Level 5 of the Dungeon
  3653 | D:5      | Reached XP level 6. HP: 29/52 MP: 5/5
  3932 | D:5      | Noticed Prince Ribbit
  3937 | D:5      | Slain by Prince Ribbit

Illustrated notes

Levels and vault maps discovered:
D:1:      eino_arrival_water_star, layout_loops_ring,
          chequers_serial_rivers_small_b
D:2:      layout_basic, nicolae_ecumenical_snake_handling, basic_altar,
          minmay_rat_gold_closets
D:3:      layout_basic, grunt_temple_overflow_open, minivault_27,
          hex_intersection, uniq_terence, uniq_jessica
D:4:      layout_loops_ring, minmay_temple_entry_statues_pillars,
          minmay_liquid_box, corexii_hall_statues_l
D:5:      layout_gridville, serial_shops, shop, uniq_prince_ribbit1
Temple:   mainiacjoe_temple_coin_purse

Skill      XL: |  1  2  3  4  5  6 |
---------------+-------------------+-----
Stealth        | 1 2 3 |  3.0
Fighting       | 3 4 |  4.6
Ranged Weapons | 5 |  5.7
Dodging        | 3 4 |  4.2

Action                   |  1- 3 |  4- 6 || total
-------------------------+-------+-------++-------
 Fire: Shortbow          |   131 |   126 ||   257
  Use: Scroll            |     7 |     4 ||    11
Armor: Leather armour    |    12 |     5 ||    17
Dodge: Dodged            |    21 |    34 ||    55

Table legend: (Time is in decaauts)
 A = Elapsed time spent in this place.
 B = Non-inter-level travel time spent in this place.
 C = Inter-level travel time spent in this place.
 D = Time resting spent in this place.
 E = Time spent auto-exploring this place.
 F = Levels seen in this place.
 G = Mean time per level.
                   A        B        C        D        E       F      G
               +--------+--------+--------+--------+--------+-----+--------+
         Total |   4011 |   3723 |    288 |     33 |   3172 |   6 |  668.5 |
       Dungeon |   3930 |   3659 |    271 |     33 |   3122 |   5 |  786.0 |
        Temple |     80 |     63 |     17 |      0 |     50 |   1 |   80.0 |
               +--------+--------+--------+--------+--------+-----+--------+

Top non-repeatable levels by time:
     D:3: 1281 daAuts
     D:2: 897 daAuts
     D:4: 699 daAuts
     D:1: 695 daAuts
     D:5: 355 daAuts
  Temple: 80 daAuts

Table legend:
 A = Kills in this place as a percentage of kills in entire the game.
 B = Kills by you in this place as a percentage of kills by you in the entire game.
 C = Kills by friends in this place as a percentage of kills by friends in the entire game.
 D = Other kills in this place as a percentage of other kills in the entire game.
 E = Experience gained in this place as a percentage of experience gained in the entire game.
 F = Experience gained in this place divided by the number of levels of this place that you have seen.
                   A       B       C       D       E      F
               +-------+-------+-------+-------+-------+----------------------
         Total | 100.0 | 100.0 |   N/A |   N/A | 100.0 |  88.7
       Dungeon | 100.0 | 100.0 |   N/A |   N/A | 100.0 | 106.4
               +-------+-------+-------+-------+-------+----------------------
